 Dungeon Crawl Stone Soup version 0.31-a0-889-g1a8549509d (webtiles) character file.

Game seed: 16216745369875133610

2 Kuronicle the Changeling (level 1, 0/15 HPs)
             Began as a Demigod Shapeshifter on Oct 16, 2023.
             Slain by a kobold
             ... wielding a +0 dagger
              (3 damage)
             ... on level 1 of the Dungeon.
             The game lasted 00:01:27 (202 turns).

Kuronicle the Changeling (Demigod Shapeshifter)      Turns: 202, Time: 00:01:28

Health: 0/15       AC:  0    Str: 15    XL:     1   Next: 26%
Magic:  3/3        EV: 12    Int: 12    God:
Gold:   4          SH:  0    Dex: 13    Spells: 0/0 levels left

rFire   . .          .
                       - Unarmed
rCold   . . .        (no shield)
rNeg    . . .        (no body armour)
rPois   .            (helmet currently unavailable)
rElec   .            (cloak currently unavailable)
rCorr   .            (gloves currently unavailable)
SInv    .            (boots currently unavailable)
Will    .....        (no amulet)
Stlth   +            (no ring)
HPRegen 0.22/turn    (no ring)
MPRegen 0.08/turn

%: no passive effects
@: beast-form
A: beast (slay +1), high MP 1, forlorn, divine attributes
a: Begin Untransformation


You were on level 1 of the Dungeon.
You were a hulking beast.
You visited 1 branch of the dungeon, and saw 1 of its levels.

You collected 4 gold pieces.

Inventory:

Armour
 a - a +0 animal skin
 f - a +0 pair of gloves
 g - a +0 crystal plate armour
Talismans
 c - a beast talisman (active)
 d - a flux talisman
Scrolls
 e - a scroll of identify {unknown}
Potions
 b - a potion of lignification


   Skills:
 * Level 0.8 Fighting
 + Level 1.7 Dodging
 + Level 2.6 Unarmed Combat
 * Level 2.8 Shapeshifting


You couldn't memorise any spells.
You didn't know any spells.
Your spell library was empty.

Dungeon Overview and Level Annotations

Branches:
Dungeon (1/15)

Shops:
D:1 *


Innate Abilities, Weirdness & Mutations

You are a hulking beast.
Your limbs bulge with bestial killing power. (Slay +1)
You have an increased reservoir of magic. (+10% MP)
You shall have no god before yourself.
Your divine heritage dramatically boosts your attributes as you level up.


Message History

You kill the hobgoblin!
HP restored.
Found a club.
There is an entrance to Suihiw's Assorted Antiques here.
Found a crystal plate armour.
A kobold comes into view. It is wielding a +0 dagger.
The kobold shouts!
A kobold is nearby!
A kobold is nearby!
A kobold is nearby!
A dart slug and a rat come into view.
Found 4 stones.
Found a stone staircase leading down.
Found 5 stones.
You see here a +0 crystal plate armour.
g - a +0 crystal plate armour You start removing your armour.
You continue taking off your +0 animal skin. x2
The rat closely misses you.
You continue taking off your +0 animal skin.
The rat closely misses you. The kobold closely misses you.
You continue taking off your +0 animal skin.
The rat bites you. The kobold hits you with a +0 dagger.
You finish taking off your +0 animal skin.
Unknown command.
You barely miss the rat. The rat barely misses you.
The kobold barely misses you.
You barely miss the rat. The rat bites you. The kobold closely misses you.
You barely miss the rat. The rat bites you.
The kobold hits you with a +0 dagger.
* * * LOW HITPOINT WARNING * * *
You hit the rat.
You kill the rat!
The kobold barely misses you.
You hit the kobold.
The kobold is severely wounded.
The kobold misses you.
You hit the kobold but do no damage.
The kobold is severely wounded.
The kobold hits you with a +0 dagger.
You die...

.# ##. #.. ... .>
# wr##.# .(
#.#..###
..####.#....#
##......#....####
...##....h......(
#.......K...####
#####.......# #.
##.......# #.
#####....##### #.
#......### #. ##
###.#...## #. ..#
##...#.#.#
############.
#.###..#........
.............


You could see a kobold.

Vanquished Creatures
  A hobgoblin (D:1)
  2 rats (D:1)
3 creatures vanquished.

Notes
Turn   | Place    | Note
-------+----------+-------------------------------------------
     0 | D:1      | Kuronicle the Demigod Shapeshifter began the quest for the
                  | Orb.
     0 | D:1      | Reached XP level 1. HP: 15/15 MP: 3/3
   142 | D:1      | Found Suihiw's Assorted Antiques.
   202 | D:1      | Slain by a kobold

Illustrated notes

Levels and vault maps discovered:
D:1:      dpeg_arrival_tiny_i, layout_rooms, serial_shops, shop

Action                     || total
---------------------------++-------
  Melee: Unarmed           ||    11
 Armour: Animal skin       ||     5
         Skin              ||     4
  Dodge: Dodged            ||     8

Table legend: (Time is in decaauts)
 A = Elapsed time spent in this place.
 B = Non-inter-level travel time spent in this place.
 C = Inter-level travel time spent in this place.
 D = Time resting spent in this place.
 E = Time spent auto-exploring this place.
 F = Levels seen in this place.
 G = Mean time per level.
                   A        B        C        D        E       F      G
               +--------+--------+--------+--------+--------+-----+--------+
         Total |    201 |    201 |      0 |     55 |     89 |   1 |  201.0 |
       Dungeon |    201 |    201 |      0 |     55 |     89 |   1 |  201.0 |
               +--------+--------+--------+--------+--------+-----+--------+

Top non-repeatable levels by time:
     D:1: 201 daAuts
